 Dungeon Crawl Stone Soup version 0.28.0 (webtiles) character file.

Game seed: 9122676850231906146

165 Minsecho the Skirmisher (level 5, 0/57 HPs)
             Began as an Ogre Berserker on Feb 15, 2022.
             Was a Believer of Trog.
             Slain by a gnoll (1 damage)
             ... on level 4 of the Dungeon.
             The game lasted 00:04:16 (3471 turns).

Minsecho the Skirmisher (Ogre Berserker)            Turns: 3471, Time: 00:04:16

Health: 0/57       AC:  3    Str: 21    XL:     5   Next: 46%
Magic:  5/5        EV: 10    Int:  8    God:    Trog [**....]
Gold:   66         SH:  0    Dex: 10    Spells: 4/4 levels left

rFire   . . .      SeeInvis .   e - +1 mace (drain)
rCold   . . .      Faith    .   (no shield)
rNeg    . . .      Spirit   .   b - +0 animal skin
rPois   .          Reflect  .   (helmet restricted)
rElec   .          Harm     .   (no cloak)
rCorr   .          Rampage  .   (gloves unavailable)
Will    +....                   (boots unavailable)
Stlth   +.........              (no amulet)
HPRegen 0.19/turn               j - ring of willpower
MPRegen 0.09/turn               (no ring)

@: lethally poisoned (0 -> -1), on berserk cooldown, slowed, very slow
A: large, unfitting armour, tough skin 1
a: Renounce Religion, Berserk, Trog's Hand


You were on level 4 of the Dungeon.
You worshipped Trog.
Trog was pleased with you.
You visited 1 branch of the dungeon, and saw 4 of its levels.

You collected 88 gold pieces.
You spent 22 gold pieces at shops.

Inventory:

Hand Weapons
 a - a +0 mace
 e - a +1 mace of draining (weapon)
Armour
 b - a +0 animal skin (worn)
Jewellery
 j - a ring of willpower (left hand)
Wands
 d - a wand of paralysis (8)
Scrolls
 c - a scroll of immolation
 f - 2 scrolls of teleportation {unknown}
 h - 3 scrolls of identify
 i - 2 scrolls of amnesia {unknown}
Potions
 g - a potion of cancellation


   Skills:
 + Level 5.3 Fighting
 + Level 4.2 Maces & Flails
 + Level 3.4 Dodging
 + Level 0.5 Stealth


You had 4 spell levels left.
You didn't know any spells.
Your spell library was empty.

Dungeon Overview and Level Annotations

Branches:
Dungeon (4/15)
 Temple: D:4-7

Altars:
Makhleb
Qazlal
Sif Muna

Shops:
D:2 !:(=?


Innate Abilities, Weirdness & Mutations

You are too large for most types of armour.
You have tough skin. (AC +1)


Message History

The gnoll shaman is severely wounded.
You feel sick. The gnoll closely misses you. The hobgoblin hits you.
The gnoll shaman hits you with a +1 whip of venom.
The gnoll barely misses you. The gnoll hits you with a +0 club.
Unknown command.
You thump the gnoll shaman!
You kill the gnoll shaman!
Trog accepts your kill.
You feel very sick. The hobgoblin closely misses you.
The gnoll barely misses you.
The gnoll hits you from afar with a +0 spear.
You bludgeon the gnoll!!
You kill the gnoll!
Trog accepts your kill.
You feel sick. The gnoll completely misses you.
The hobgoblin closely misses you.
You closely miss the gnoll.
You feel sick. The gnoll hits you with a +0 club.
* * * LOW HITPOINT WARNING * * *
The gnoll hits you from afar with a +0 spear!
* * * LOW HITPOINT WARNING * * *
The hobgoblin hits you.
* * * LOW HITPOINT WARNING * * *
An orc comes into view. It is wielding a +0 mace.
You closely miss the gnoll.
You feel sick. The gnoll hits you with a +0 club.
* * * LOW HITPOINT WARNING * * *
The gnoll hits you from afar with a +0 spear.
* * * LOW HITPOINT WARNING * * *
The hobgoblin misses you.
Unknown command.
You feel a strong urge to attack something.
You feel sick. The gnoll hits you with a +0 club.
* * * LOW HITPOINT WARNING * * *
You are no longer berserk.
You are exhausted.
You feel yourself slow down.
* * * LOW HITPOINT WARNING * * *
You feel sick.
* * * LOW HITPOINT WARNING * * *
You feel sick. The gnoll hits you with a +0 club.
You die...

#..o..+.#
#.....#.#
#.....#.#
###...g.#(#
...$......#
##.#####g##
#S#
#.#####g#
#.....@.#
#########


You could see a gnoll (fast), an adder and a hobgoblin.

Vanquished Creatures
  A gnoll shaman (D:4)
  2 gnolls
  5 adders
  A dart slug (D:2)
  A worm (D:2)
  5 ball pythons
  9 endoplasms
  2 giant cockroaches
  6 goblins
  9 hobgoblins
  3 jackals (D:1)
  5 kobolds
  3 quokkas
  7 bats
  2 frilled lizards
  4 rats
65 creatures vanquished.

Notes
Turn   | Place    | Note
-------+----------+-------------------------------------------
     0 | D:1      | Minsecho the Ogre Berserker began the quest for the Orb.
     0 | D:1      | Reached XP level 1. HP: 24/24 MP: 1/1
   194 | D:1      | Reached XP level 2. HP: 30/32 MP: 2/2
   753 | D:1      | Reached XP level 3. HP: 28/40 MP: 3/3
  1343 | D:2      | Reached ** piety under Trog
  1680 | D:2      | Reached XP level 4. HP: 40/49 MP: 4/4
  1748 | D:2      | Found Xesaekhle's Antique Weapon Shoppe.
  1764 | D:2      | Reached skill level 5 in Fighting
  1833 | D:2      | Found Ogeor's Magic Scroll Boutique.
  1874 | D:2      | Bought a scroll of identify for 22 gold pieces
  1987 | D:2      | Found Migh's Distillery.
  2083 | D:2      | Found Xirec's Jewellery Shoppe.
  2157 | D:2      | Found Ladelyaw's Book Emporium.
  2166 | D:2      | Found a shimmering blue altar of Sif Muna.
  2413 | D:3      | Found a burning altar of Makhleb.
  2793 | D:3      | Found a stormy altar of Qazlal.
  2855 | D:3      | Reached XP level 5. HP: 36/57 MP: 5/5
  3470 | D:4      | HP: 2/57 [poisoned by a gnoll shaman]
  3471 | D:4      | Slain by a gnoll

Illustrated notes

Levels and vault maps discovered:
D:1:      beargit_arrival_greenhouse, layout_loops_corners,
          minmay_misc_feat_nine_boxes, minmay_tree_intersection,
          grunt_decor_resistance
D:2:      layout_loops_ring, basic_altar, serial_shops, nicolae_square_shop,
          nicolae_lakefront_shop, shop_fountains, nicolae_shop_window_shopping,
          shop_statue, hangedman_abyss_or_decor_stabs,
          hangedman_abyss_or_decor_lesser_grid, minmay_cupped
D:3:      layout_basic, mainiacjoe_overflow_24_doors, lightli_temple_of_fire,
          minmay_increasing_density
D:4:      layout_basic, gammafunk_ghost_grave, uniq_ijyb

Skill      XL: |  1  2  3  4 |
---------------+-------------+-----
Maces & Flails | 3 4 |  4.2
Dodging        | 3 |  3.4
Fighting       | 5 |  5.3
Stealth        | |  0.5

Action                   |  1- 3 |  4- 6 || total
-------------------------+-------+-------++-------
Melee: Mace              |   105 |    70 ||   175
       Punch             |       |     1 ||     1
Invok: Berserk           |       |     1 ||     1
  Use: Scroll            |       |     2 ||     2
 Stab: Sleeping          |     1 |       ||     1
Armor: Animal skin       |    32 |    17 ||    49
Dodge: Dodged            |    75 |    32 ||   107
